 Dungeon Crawl Stone Soup version 0.18.1-2-ga659475 (webtiles) character file.

30 Exaltedone87 the Grave Robber (level 3, -2/24 HPs)
             Began as a Demonspawn Necromancer on May 7, 2016.
             Slain by an adder (3 damage)
             ... on level 1 of the Dungeon.
             The game lasted 00:06:47 (1075 turns).

Exaltedone87 the Grave Robber (DsNe)                Turns: 1075, Time: 00:06:48

Health: -2/24      AC:  6    Str:  8    XL:     3   Next: 3%
Magic:  0/6        EV: 10    Int: 19    God:
Gold:   43         SH:  0    Dex: 13    Spells: 2 memorised, 4 levels left

rFire  . . .     SeeInvis .     d - +0 dagger
rCold  . . .     Gourm    .     i - +0 ring mail
rNeg   . . .     Faith    .     (no shield)
rPois  .         Spirit   +     (no helmet)
rElec  .         Dismiss  .     (no cloak)
rCorr  .         Reflect  .     (no gloves)
SustAt .         Harm     .     (no boots)
MR     .....                    (no amulet)
Stlth  +.........               (no ring)
                                (no ring)

@: lethally poisoned (-2 -> -3), drained, not resistant to hostile enchantments,
very unstealthy
A: blink, clever 1, shaggy fur 1, magic shield
a: Blink


You were on level 1 of the Dungeon.
You were hungry.

You visited 1 branch of the dungeon, and saw 2 of its levels.

You collected 43 gold pieces.

Inventory:

Hand Weapons
 d - a +0 dagger (weapon)
 g - a +0 dagger of draining
Armour
 a - a +0 robe
 i - a +0 ring mail (worn)
Potions
 h - a potion of curing {unknown}
Books
 b - a book of Necromancy

   Spells                             Type                      Level
   a - Pain                           Necromancy                   1
   b - Animate Skeleton               Necromancy                   1
   c - Vampiric Draining              Necromancy                   3
   d - Regeneration                   Charms/Necromancy            3
   e - Animate Dead                   Necromancy                   4
   f - Control Undead                 Necromancy                   4
Comestibles
 c - a bread ration


   Skills:
 + Level 0.2(0.0) Fighting
 + Level 0.3(0.0) Armour
 + Level 2.0(1.7) Dodging
 + Level 1.9(1.6) Stealth
 + Level 2.1(1.8) Spellcasting
 + Level 5.0(4.7) Necromancy


You had 4 spell levels left.
You knew the following spells:

 Your Spells              Type           Power        Failure   Level  Hunger
a - Pain                  Necr           ###.         10%         1    #......
b - Animate Skeleton      Necr           N/A          10%         1    #......


Dungeon Overview and Level Annotations

Branches:
Dungeon (2/15)

Altars:


Innate Abilities, Weirdness & Mutations

When hurt, damage is shared between your health and your magic reserves.
You can translocate small distances at will.
Your mind is acute. (Int +2)
You are covered in fur (AC +1).


Message History

You are lethally poisoned!
The adder poisons you! The adder closely misses you.
You barely miss the adder.
The adder is moderately wounded.
* * * LOW HITPOINT WARNING * * *
You feel sick. The adder barely misses you.
You completely miss the adder.
The adder is moderately wounded.
The adder barely misses you. The adder bites you but does no damage.
* * * LOW HITPOINT WARNING * * *
You feel sick. The adder barely misses you.
* * * LOW HITPOINT WARNING * * *
You feel sick.
Drink which item? (? for menu, Esc to quit)
It was a potion of mutation.
You feel extremely strange.
You feel jittery. Fur sprouts all over your body.
You feel clever. The adder bites you.
You die...

#.....# #. ###.### #.
#.# ## #.#######
#####
#>..†...###...## #
#.#####.##.....# #
######.###..........#
#
........##.#.##S....#
#
###......#.#.###@..##
##########
#.###......####.####
#......Z.# #.#
#....####......#
#.######Z# #.###.####
##.#.##.# #.# #..
#.....# #.......#
#.######.# ####'##
#..#.##.# #.##....##
##...## #..#..#.#
#........# ##.....##
#..##.#.# ####.####.
##.......## #...#.#.#
#.##>##


You could see an adder.

Vanquished Creatures
  An adder (D:1)
  2 giant cockroaches (D:1)
  3 goblins (D:1)
  4 hobgoblins (D:1)
  2 bats (D:1)
  A giant newt (D:1)
  2 kobolds (D:1)
  3 rats (D:1)
18 creatures vanquished.

Vanquished Creatures (collateral kills)
  A hobgoblin (D:1)
  A bat (D:1)
2 creatures vanquished.

Grand Total: 20 creatures vanquished

Notes
Turn   | Place    | Note
--------------------------------------------------------------
     0 | D:1      | Exaltedone87 the Demonspawn Necromancer began the quest for the Orb.
     0 | D:1      | Reached XP level 1. HP: 13/13 MP: 3/3
     2 | D:1      | Learned a level 1 spell: Animate Skeleton
   233 | D:1      | Gained mutation: When hurt, damage is shared between your health and your magic reserves. [demonic ancestry]
   233 | D:1      | Reached XP level 2. HP: 13/19 MP: 5/5
   867 | D:1      | Reached skill level 5 in Necromancy
  1058 | D:1      | Reached XP level 3. HP: 11/24 MP: 3/6
  1074 | D:1      | HP: 1/24 [poisoned by an adder]
  1075 | D:1      | Gained mutation: You can translocate small distances at will. [potion of mutation]
  1075 | D:1      | Gained mutation: You are covered in fur (AC +1). [potion of mutation]
  1075 | D:1      | Gained mutation: Your mind is acute. (Int +2) [potion of mutation]
  1075 | D:1      | Slain by an adder

Skill      XL: |  1  2 |
---------------+-------+-----
Necromancy     | 5 |  5.0
Dodging        | 2 |  2.0
Fighting       | |  0.2
Armour         | |  0.3
Stealth        | |  1.9
Spellcasting   | |  2.1

Action                   || total
-------------------------++-------
Melee: Dagger            ||    87
 Cast: Pain              ||    12
       Animate Skeleton  ||     3
  Use: Potion            ||     1
 Stab: Sleeping          ||     1
Armor: Robe              ||     6
       Ring mail         ||    24
Dodge: Dodged            ||    57
